PIO (24 & UNDER)
EAU CLAIRE ESQUIRES @ SEATTLE RAINIERS
09/26/2025
 
TOP OF THE 1ST
Eau Claire Esquires batting - Pitching for Seattle Rainiers : LHP William Gordon
Pitching: LHP William Gordon
Batting: RHB Nelson Castro 0-0: Called Strike
0-1: Hit by Pitch
Batting: RHB Félix Gonzáles 0-0: Grounds into double play, 4-6-3 (Groundball, 4)
Batting: RHB Esteban Lara 0-0: Ball
1-0: Ball
2-0: Called Strike
2-1: Ground out 6-3 (Groundball, 6)
Top of the 1st over - 0 run(s), 0 hit(s), 0 error(s), 0 left on base; Eau Claire 0 - Seattle 0
BOTTOM OF THE 1ST
Seattle Rainiers batting - Pitching for Eau Claire Esquires : RHP Arthur López
Pitching: RHP Arthur López
Batting: RHB Enrique Mendoza 0-0: Ball
1-0: Ball
2-0: Bunted foul
2-1: Ball
3-1: Called Strike
3-2: SINGLE (Popup, 34D)
Batting: RHB Robert Marks 0-0: Ball
1-0: Foul Ball, location: 2F
1-1: Ball
2-1: Swinging Strike
2-2: SINGLE (Groundball, 56D)
Enrique Mendoza to second
Batting: LHB Alan Moore 0-0: SINGLE (Line Drive, 6M)
Enrique Mendoza to third
Robert Marks to second
Runner from 3rd tries for Home, SAFE, no throw or cutoff
Batting: RHB John Hill 0-0: Foul Ball, location: 2F
0-1: Ball
1-1: Ball
2-1: Swinging Strike
2-2: Ground out 5-3 (Groundball, 5S)
Robert Marks to third
Alan Moore to second
Batting: RHB Alfredo Farías 0-0: Foul Ball, location: 2F
0-1: Foul Ball, location: 2F
0-2: Strikes out swinging
Batting: RHB Casey Fox 0-0: Ground out 5-3 (Groundball, 5S)
Bottom of the 1st over - 1 run(s), 3 hit(s), 0 error(s), 2 left on base; Eau Claire 0 - Seattle 1
TOP OF THE 2ND
Eau Claire Esquires batting - Pitching for Seattle Rainiers : LHP William Gordon
Batting: LHB Pedro Díaz 0-0: Fly out, F8 (Flyball, 8LM)
Batting: RHB John Thomas 0-0: Ball
1-0: Foul Ball, location: 2F
1-1: Ball
2-1: Foul Ball, location: 2F
2-2: Fly out, F9 (Flyball, 9S)
Batting: RHB Fernando Castellanos 0-0: Ball
1-0: Ball
2-0: Ball
3-0: Base on Balls
Batting: LHB José Martínez 0-0: Ball
1-0: Swinging Strike
1-1: Swinging Strike
1-2: Foul Ball, location: 2F
1-2: Foul Ball, location: 2F
1-2: Strikes out swinging
Top of the 2nd over - 0 run(s), 0 hit(s), 0 error(s), 1 left on base; Eau Claire 0 - Seattle 1
BOTTOM OF THE 2ND
Seattle Rainiers batting - Pitching for Eau Claire Esquires : RHP Arthur López
Batting: LHB Carlos Valentín 0-0: Ball
1-0: Swinging Strike
1-1: Ball
2-1: Foul Ball, location: 2F
2-2: Strikes out swinging
Batting: RHB Jorge Colón 0-0: Ball
1-0: Ball
2-0: Called Strike
2-1: Ground out 5-3 (Groundball, 5L)
Batting: RHB Bill Dawson 0-0: Ball
1-0: Called Strike
1-1: Swinging Strike
1-2: Ball
2-2: Strikes out looking
Bottom of the 2nd over - 0 run(s), 0 hit(s), 0 error(s), 0 left on base; Eau Claire 0 - Seattle 1
TOP OF THE 3RD
Eau Claire Esquires batting - Pitching for Seattle Rainiers : LHP William Gordon
Batting: RHB Jason Stover 0-0: Ball
1-0: Ball
2-0: Called Strike
2-1: Ball
3-1: Foul Ball, location: 2F
3-2: Base on Balls
Batting: RHB Luis Pérez 0-0: Foul Ball, location: 2F
0-1: Ball
Jason Stover is caught stealing 2nd base
1-1: Ground out 5-3 (Groundball, 5S)
Batting: RHB Nelson Castro 0-0: Called Strike
0-1: Ball
1-1: Ball
2-1: Ground out 6-3 (Groundball, 6)
Top of the 3rd over - 0 run(s), 0 hit(s), 0 error(s), 0 left on base; Eau Claire 0 - Seattle 1
BOTTOM OF THE 3RD
Seattle Rainiers batting - Pitching for Eau Claire Esquires : RHP Arthur López
Batting: RHB Enrique Mendoza 0-0: Ball
1-0: Reached on error, E4 (Groundball, 4S)
Batting: RHB Robert Marks 0-0: Ball
1-0: Called Strike
1-1: Ball
2-1: Ground out 5-3 (Groundball, 56)
Batting: LHB Alan Moore 0-0: Foul Ball, location: 2F
0-1: SINGLE (Groundball, 4M)
Enrique Mendoza to third
Runner from 3rd tries for Home, SAFE, no throw or cutoff
Batting: RHB John Hill 0-0: Called Strike
0-1: Ball
1-1: Ball
2-1: Ball
3-1: Called Strike
3-2: Base on Balls
Alan Moore to second
Batting: RHB Alfredo Farías 0-0: Ball
1-0: Foul Ball, location: 2F
1-1: Ball
2-1: Foul Ball, location: 2F
2-2: Foul Ball, location: 2F
2-2: Strikes out swinging
Batting: RHB Casey Fox 0-0: Ball
1-0: Ball
2-0: Ball
3-0: Called Strike
3-1: Base on Balls
Alan Moore to third
John Hill to second
Batting: LHB Carlos Valentín 0-0: Swinging Strike
0-1: Foul Ball, location: 2F
0-2: Ball
1-2: Ball
2-2: Foul Ball, location: 2F
2-2: SINGLE (Groundball, 4M)
Alan Moore scores
John Hill to third
Casey Fox to second
Runner from 3rd tries for Home, SAFE, no throw or cutoff
Batting: RHB Jorge Colón 0-0: Ground out 5-3 (Groundball, 56)
Bottom of the 3rd over - 3 run(s), 2 hit(s), 1 error(s), 2 left on base; Eau Claire 0 - Seattle 4
TOP OF THE 4TH
Eau Claire Esquires batting - Pitching for Seattle Rainiers : LHP William Gordon
Batting: RHB Félix Gonzáles 0-0: Ball
1-0: Ball
2-0: Ball
3-0: Called Strike
3-1: Base on Balls
Batting: RHB Esteban Lara 0-0: Ball
1-0: Ball
2-0: Ball
3-0: Called Strike
3-1: SINGLE (Flyball, 9S)
Félix Gonzáles to second
Runner from 2nd tries for 3rd, SAFE, throw made to third
Batting: LHB Pedro Díaz 0-0: DOUBLE (Flyball, 78XD)
Félix Gonzáles scores
Esteban Lara to third
Batting: RHB John Thomas 0-0: Ball
1-0: Swinging Strike
1-1: Ball
2-1: Ball
3-1: Foul Ball, location: 2F
3-2: 3-RUN HOME RUN (Flyball, 7D), Distance : 384 ft
Batting: RHB Fernando Castellanos 0-0: Ground out 1-3 (Groundball, 25)
Batting: LHB José Martínez 0-0: Ball
1-0: SINGLE (Groundball, 56)
Batting: RHB Jason Stover 0-0: Swinging Strike
0-1: Reached on Error, E7 (Flyball, 7M)
José Martínez to second
Batting: RHB Luis Pérez 0-0: Fly out, F9 (Flyball, 89M)
Batting: RHB Nelson Castro 0-0: Ball
1-0: Foul Ball, location: 2F
1-1: Called Strike
1-2: Strikes out swinging
Top of the 4th over - 4 run(s), 4 hit(s), 1 error(s), 2 left on base; Eau Claire 4 - Seattle 4
BOTTOM OF THE 4TH
Seattle Rainiers batting - Pitching for Eau Claire Esquires : RHP Arthur López
Batting: RHB Bill Dawson 0-0: Foul Ball, location: 2F
0-1: Ball
1-1: Ball
2-1: Foul Ball, location: 2F
2-2: Ground out 5-3 (Groundball, 56)
Batting: RHB Enrique Mendoza 0-0: Foul Ball, location: 2F
0-1: Foul Ball, location: 2F
0-2: Strikes out swinging
Batting: RHB Robert Marks 0-0: Swinging Strike
0-1: Called Strike
0-2: Ball
1-2: Ball
2-2: Fly out, F8 (Flyball, 8LM)
Bottom of the 4th over - 0 run(s), 0 hit(s), 0 error(s), 0 left on base; Eau Claire 4 - Seattle 4
TOP OF THE 5TH
Eau Claire Esquires batting - Pitching for Seattle Rainiers : LHP William Gordon
Batting: RHB Félix Gonzáles 0-0: Called Strike
0-1: SINGLE (Groundball, 56D)
Batting: RHB Esteban Lara 0-0: SINGLE (Groundball, 34D)
Félix Gonzáles to second
Runner from 2nd tries for 3rd, SAFE, throw made to third
Batting: LHB Pedro Díaz 0-0: Ball
1-0: Fly out, F4 (Line Drive, 4M)
Batting: RHB John Thomas 0-0: Ball
Esteban Lara steals 2nd base
1-0: Intentional Walk
Batting: RHB Fernando Castellanos 0-0: Called Strike
0-1: Foul Ball, location: 2F
0-2: SINGLE (Flyball, 8LS)
Félix Gonzáles scores
Esteban Lara to third
John Thomas to second
Batting: LHB José Martínez 0-0: SINGLE (Line Drive, 4D)
Esteban Lara scores
John Thomas to third
Fernando Castellanos to second
Pitching: RHP Brandon Sweet
Batting: RHB Jason Stover 0-0: Ball
1-0: Fly out, F5 (Popup, 5F)
Batting: RHB Luis Pérez 0-0: SINGLE (Flyball, 8LS)
John Thomas scores
Fernando Castellanos to third
José Martínez to second
Runner from 3rd tries for Home, throw and OUT!
Top of the 5th over - 3 run(s), 5 hit(s), 0 error(s), 2 left on base; Eau Claire 7 - Seattle 4
BOTTOM OF THE 5TH
Seattle Rainiers batting - Pitching for Eau Claire Esquires : RHP Arthur López
Batting: LHB Alan Moore 0-0: Ball
1-0: Ground out 1-3 (Groundball, 13)
Batting: RHB John Hill 0-0: Swinging Strike
0-1: Foul Ball, location: 2F
0-2: Foul Ball, location: 2F
0-2: Strikes out swinging
Batting: RHB Alfredo Farías 0-0: Called Strike
Single, Error in OF, E9, batter to second base
Pitching: RHP Lanzo D'Elia
Batting: RHB Casey Fox 0-0: Foul Ball, location: 2F
0-1: Foul Ball, location: 2F
0-2: DOUBLE (Flyball, 89M)
Alfredo Farías scores
Batting: LHB Carlos Valentín 0-0: Called Strike
0-1: Ball
1-1: Foul Ball, location: 2F
1-2: SINGLE (Groundball, 4MD)
Casey Fox to third
Runner from 3rd tries for Home, SAFE, throw made home
Carlos Valentín to second
Batting: RHB Jorge Colón 0-0: Ball
1-0: Foul Ball, location: 2F
1-1: Called Strike
1-2: Strikes out swinging
Bottom of the 5th over - 2 run(s), 3 hit(s), 1 error(s), 1 left on base; Eau Claire 7 - Seattle 6
TOP OF THE 6TH
Eau Claire Esquires batting - Pitching for Seattle Rainiers : RHP Brandon Sweet
Batting: RHB Nelson Castro 0-0: Ball
1-0: Called Strike
1-1: Ball
2-1: Ground out 4-3 (Groundball, 4)
Batting: RHB Félix Gonzáles 0-0: Ball
1-0: Called Strike
1-1: Called Strike
1-2: Strikes out swinging
Batting: RHB Esteban Lara 0-0: Ball
1-0: Called Strike
1-1: Swinging Strike
1-2: Ball
2-2: Fly out, F8 (Flyball, 8LS)
Top of the 6th over - 0 run(s), 0 hit(s), 0 error(s), 0 left on base; Eau Claire 7 - Seattle 6
BOTTOM OF THE 6TH
Seattle Rainiers batting - Pitching for Eau Claire Esquires : RHP Lanzo D'Elia
Batting: RHB Bill Dawson 0-0: Ground out 4-3 (Groundball, 4)
Batting: RHB Enrique Mendoza 0-0: Called Strike
0-1: Bunt missed!
0-2: Ball
1-2: SOLO HOME RUN (Flyball, 78XD), Distance : 417 ft
Batting: RHB Robert Marks 0-0: Ball
1-0: Ground out 6-3 (Groundball, 6)
Batting: LHB Alan Moore 0-0: Ball
1-0: Ball
2-0: Ball
3-0: Called Strike
3-1: Foul Ball, location: 2F
3-2: Foul Ball, location: 2F
3-2: DOUBLE (Flyball, 8LD)
Batting: RHB John Hill 0-0: Fly out, F8 (Flyball, 8LXD)
Bottom of the 6th over - 1 run(s), 2 hit(s), 0 error(s), 1 left on base; Eau Claire 7 - Seattle 7
TOP OF THE 7TH
Eau Claire Esquires batting - Pitching for Seattle Rainiers : RHP Brandon Sweet
Batting: LHB Pedro Díaz 0-0: DOUBLE (Flyball, 89M)
Pinch Hitting: SHB Jeff Chambers 0-0: Intentional Walk
Pinch Runner at 2nd Glen French:
Pinch Hitting: RHB Jon Krohne 0-0: Ground out 5-3 (Groundball, 56S)
Glen French to third
Jeff Chambers to second
Batting: LHB José Martínez 0-0: Intentional Walk
Pitching: LHP Vicente Mojica
Pinch Hitting: RHB Javier Reyes 0-0: Swinging Strike
0-1: Foul Ball, location: 2F
0-2: Ball
1-2: Ball
2-2: Ball
3-2: Foul Ball, location: 2F
3-2: Fly out, F5 (Popup, 25)
Batting: RHB Luis Pérez 0-0: Swinging Strike
0-1: Foul Ball, location: 2F
0-2: Foul Ball, location: 2F
0-2: Strikes out swinging
Top of the 7th over - 0 run(s), 1 hit(s), 0 error(s), 3 left on base; Eau Claire 7 - Seattle 7
BOTTOM OF THE 7TH
Seattle Rainiers batting - Pitching for Eau Claire Esquires : RHP Lanzo D'Elia
Now at 1B: Jeff Chambers
Now at 2B: Javier Reyes
Now at 3B: Jon Krohne
Now in RF: Miguel Arteaga
Batting: RHB Alfredo Farías 0-0: Fly out, F3 (Popup, 3SF)
Batting: RHB Casey Fox 0-0: Foul Ball, location: 2F
0-1: Foul Ball, location: 2F
0-2: Foul Ball, location: 2F
0-2: Ball
1-2: Strikes out swinging
Pinch Hitting: RHB Tony Hernández 0-0: Ball
1-0: Called Strike
1-1: Foul Ball, location: 2F
1-2: Strikes out swinging
Bottom of the 7th over - 0 run(s), 0 hit(s), 0 error(s), 0 left on base; Eau Claire 7 - Seattle 7
TOP OF THE 8TH
Eau Claire Esquires batting - Pitching for Seattle Rainiers : LHP Vicente Mojica
Now in RF: Tony Hernández
Batting: RHB Nelson Castro 0-0: Ball
1-0: Ball
2-0: DOUBLE (Line Drive, 9LS)
Batting: RHB Félix Gonzáles 0-0: Intentional Walk
Batting: RHB Esteban Lara 0-0: Ball
Nelson Castro steals 3rd base
Félix Gonzáles to second
1-0: Intentional Walk
Pinch Hitting: LHB Jesús Bueno 0-0: Fly out, F3 (Line Drive, 3)
Batting: SHB Jeff Chambers 0-0: Called Strike
0-1: Ball
1-1: Ball
2-1: Foul Ball, location: 2F
2-2: Foul Ball, location: 2F
2-2: Ball
3-2: Base on Balls
Nelson Castro scores
Félix Gonzáles to third
Esteban Lara to second
Batting: RHB Jon Krohne 0-0: Called Strike
0-1: Foul Ball, location: 2F
0-2: Foul Ball, location: 2F
0-2: Ball
1-2: Strikes out looking
Batting: LHB José Martínez 0-0: Called Strike
0-1: Ball
1-1: Fly out, F8 (Flyball, 8RM)
Top of the 8th over - 1 run(s), 1 hit(s), 0 error(s), 3 left on base; Eau Claire 8 - Seattle 7
BOTTOM OF THE 8TH
Seattle Rainiers batting - Pitching for Eau Claire Esquires : RHP Lanzo D'Elia
Pitching: RHP Neil Birss
Now at 1B: Pancho Álvarez
Now in RF: Jesús Bueno
Batting: RHB Jorge Colón 0-0: Ball
1-0: Swinging Strike
1-1: Called Strike
1-2: Ball
2-2: Strikes out swinging
Pitching: RHP Jesús Díaz
Batting: RHB Bill Dawson 0-0: Called Strike
0-1: Swinging Strike
0-2: Ball
1-2: Strikes out swinging
Batting: RHB Enrique Mendoza 0-0: Ground out 5-3 (Groundball, 56)
Bottom of the 8th over - 0 run(s), 0 hit(s), 0 error(s), 0 left on base; Eau Claire 8 - Seattle 7
TOP OF THE 9TH
Eau Claire Esquires batting - Pitching for Seattle Rainiers : LHP Vicente Mojica
Pitching: RHP Jim Thompson
Batting: RHB Javier Reyes 0-0: Ball
1-0: Called Strike
1-1: Swinging Strike
1-2: Ball
2-2: Strikes out swinging
Batting: RHB Luis Pérez 0-0: Called Strike
0-1: Swinging Strike
0-2: Ball
1-2: Ball
2-2: Strikes out swinging
Batting: RHB Nelson Castro 0-0: Called Strike
0-1: Ball
1-1: Ball
2-1: DOUBLE (Flyball, 8RM)
Batting: RHB Félix Gonzáles 0-0: Intentional Walk
Batting: RHB Esteban Lara 0-0: Ball
1-0: Ball
2-0: Ball
3-0: Base on Balls
Nelson Castro to third
Félix Gonzáles to second
Batting: LHB Jesús Bueno 0-0: Ball
1-0: Foul Ball, location: 2F
1-1: Ball
2-1: Foul Ball, location: 2F
2-2: Foul Ball, location: 2F
2-2: Ball
3-2: Strikes out swinging
Top of the 9th over - 0 run(s), 1 hit(s), 0 error(s), 3 left on base; Eau Claire 8 - Seattle 7
BOTTOM OF THE 9TH
Seattle Rainiers batting - Pitching for Eau Claire Esquires : RHP Jesús Díaz
Pitching: LHP Tim Davidson
Batting: RHB Robert Marks 0-0: Ball
1-0: Called Strike
1-1: Ball
2-1: Ground out 5-3 (Groundball, 56S)
Pinch Hitting: SHB Nick Cox 0-0: Ball
1-0: Swinging Strike
1-1: Foul Ball, location: 2F
1-2: Foul Ball, location: 2F
1-2: Foul Ball, location: 2F
1-2: Ground out 4-3 (Groundball, 4M)
Pinch Hitting: RHB Jeremiah Soto 0-0: Foul Ball, location: 2F
0-1: Ball
1-1: Fly out, F8 (Flyball, 8RS)
Bottom of the 9th over - 0 run(s), 0 hit(s), 0 error(s), 0 left on base; Eau Claire 8 - Seattle 7
This league is powered by Out of the Park Baseball, the baseball management simulation game for PC, Mac and Linux
Tuesday, August 2nd, 2016 - OOTP Baseball 16.8 Build 38